 Dungeon Crawl Stone Soup version 0.30-a0-824-g6c64550be9 (webtiles) character file.

Game seed: 16652996924805955874

591 Pimp the Trooper (level 7, -2/55 HPs)
             Began as a Demonspawn Berserker on Feb 27, 2023.
             Was a Priest of Trog.
             Engulfed by a cloud of freezing vapour (18 damage)
             ... on level 5 of the Dungeon.
             The game lasted 00:06:50 (4769 turns).

Pimp the Trooper (Demonspawn Berserker)             Turns: 4769, Time: 00:06:50

Health: -2/55      AC: 13    Str: 24    XL:     7   Next: 16%
Magic:  7/7        EV:  8    Int: 16    God:    Trog [***...]
Gold:   71         SH:  5    Dex: 12    Spells: 6/6 levels left

rFire   . . .      SeeInvis .    a - +0 hand axe (flame)
rCold   . . .      Faith    .    (no shield)
rNeg    . . .      Spirit   .    q - +1 plate armour
rPois   .          Reflect  +    (helmet restricted)
rElec   .          Harm     .    (no cloak)
rCorr   .          Rampage  .    f - +0 pair of gloves
Will    +....                    (no boots) Stlth
                                 r - amulet of reflection
HPRegen 0.29/turn                n - +6 ring of strength
MPRegen 0.20/turn                (no ring)

@: about to teleport
A: magic regeneration, big brain 2, horns 1, clever 1, strong-willed 1
a: Renounce Religion, Berserk, Trog's Hand


You were on level 5 of the Dungeon.
You worshipped Trog.
Trog was most pleased with you.
You visited 1 branch of the dungeon, and saw 5 of its levels.

You collected 167 gold pieces.
You spent 96 gold pieces at shops.

Inventory:

Hand Weapons
 a - a +0 hand axe of flaming (weapon)
 v - a +0 battleaxe
 y - a +1 shortbow of flaming
Missiles
 i - 4 silver javelins (quivered)
Armour
 b - a +0 animal skin
 f - a +0 pair of gloves (worn)
 l - a +0 ring mail
 q - a +1 plate armour (worn)
Jewellery
 c - an amulet of magic regeneration
 n - a +6 ring of strength (left hand)
 r - an amulet of reflection (around neck)
 z - a ring of willpower
Scrolls
 d - 2 scrolls of magic mapping
 e - a scroll of teleportation
 p - a scroll of fog
 s - 2 scrolls of immolation
Potions
 g - 2 potions of ambrosia
 h - 2 potions of curing
 j - a potion of heal wounds {unknown}
 k - 3 potions of might {unknown}
 m - a potion of cancellation {unknown}
 o - a potion of invisibility {unknown}
 u - a potion of magic {unknown}


   Skills:
 + Level 4.8 Fighting
 + Level 4.4 Axes
 + Level 3.9 Armour
 + Level 3.8 Dodging


You had 6 spell levels left.
You didn't know any spells.
Your spell library was empty.

Dungeon Overview and Level Annotations

Branches:
Dungeon (5/15)
 Temple: D:4-7

Altars:
Gozag
Kikubaaqudgha
Nemelex Xobeh
Ru
Xom

Shops:
D:1 =   D:2 !


Innate Abilities, Weirdness & Mutations

You regenerate magic rapidly.
You have an extremely huge brain. (Int +4)
You have a pair of small horns on your head.
Your mind is acute. (Int +4, Str/Dex -1)
You are strong-willed. (Will+)


Message History

The white imp hits you but does no damage.
You hit the white imp. You burn the white imp.
You headbutt the white imp, but do no damage.
The white imp is heavily wounded.
The white imp gestures at you. The puff of frost hits you!
You hit the white imp. You burn the white imp.
Your headbutt misses the white imp.
The white imp is severely wounded.
You block the white imp's attack.
You barely miss the white imp.
You headbutt the white imp, but do no damage.
The white imp is severely wounded.
The white imp closely misses you.
You barely miss the white imp.
The white imp is severely wounded.
The white imp gestures at you.
The puff of frost hits you but does no damage.
You hit the white imp. You burn the white imp.
You kill the white imp!
Trog accepts your kill.
You now have 71 gold pieces (gained 9).
There is a stone staircase leading up here.
HP restored.
Found an ancient bone altar of Kikubaaqudgha.
There is a stone staircase leading up here.
There is an open door here.
Partly explored, can't reach some places.
Partly explored, can't reach some places.
You open the door.
There is an open door here.
Really walk into a travel-excluded area?
You are engulfed in freezing vapours.
You are engulfed in freezing vapours.
* * * LOW HITPOINT WARNING * * *
As you read the scroll of teleportation, it crumbles to dust.
You feel strangely unstable.
You are engulfed in freezing vapours.
* * * LOW HITPOINT WARNING * * *
You feel better.
You are engulfed in freezing vapours.
You die...

#..#..#####.......#
...#..######......#
.###......##......#
..##.####.##......#
..##............########
###....##.##############
#........#/)$[/.......○
##.......##############
#.......#...○○@○○○○○..
#.......##'###########
##.........###########
###########


There were no monsters in sight!

Vanquished Creatures
  An ice beast (D:5)
  A centaur (D:5)
  An ogre (D:4)
  Blork the orc (D:4)
  A necrophage (D:4)
  A hound (D:4)
  Terence (D:2)
  An iguana (D:4)
  3 adders
  A white imp (D:5)
  A worm (D:2)
  5 dart slugs
  4 orcs (D:4)
  9 ball pythons
  8 bats
  12 endoplasms
  4 giant cockroaches
  11 goblins
  6 hobgoblins
  11 kobolds
  2 quokkas (D:4)
  A frilled lizard (D:1)
  7 rats
93 creatures vanquished.

Vanquished Creatures (others)
  2 fungi (D:2)
  2 plants
4 creatures vanquished.

Grand Total: 97 creatures vanquished

Notes
Turn   | Place    | Note
-------+----------+-------------------------------------------
     0 | D:1      | Pimp the Demonspawn Berserker began the quest for the Orb.
     0 | D:1      | Reached XP level 1. HP: 18/18 MP: 1/1
   142 | D:1      | Gained mutation: You have an unusually large brain. (Int
                  | +2) [demonic ancestry]
   142 | D:1      | Reached XP level 2. HP: 18/24 MP: 2/2
   683 | D:1      | Gained mutation: You have an extremely huge brain. (Int +4)
                  | [demonic ancestry]
   683 | D:1      | Reached XP level 3. HP: 23/29 MP: 3/3
   767 | D:1      | Found Gaejy's One-of-a-Kind Rings.
  1002 | D:2      | Reached ** piety under Trog
  1724 | D:2      | Found a faded altar of an unknown god.
  1732 | D:2      | Noticed Terence
  1738 | D:2      | Reached XP level 4. HP: 35/35 MP: 4/4
  1739 | D:2      | Killed Terence
  2112 | D:2      | Found Ymna's Distillery.
  2120 | D:2      | Bought a potion of mutation for 96 gold pieces
  2120 | D:2      | Gained mutation: Your mind is acute. (Int +4, Str/Dex -1)
                  | [potion of mutation]
  2120 | D:2      | Gained mutation: You have a pair of small horns on your
                  | head. [potion of mutation]
  2120 | D:2      | Gained mutation: You are strong-willed. (Will+) [potion of
                  | mutation]
  2715 | D:3      | Found a sacrificial altar of Ru.
  3009 | D:4      | Identified the +2 quarterstaff of the Green God {spect,
                  | Dex+2}
  3142 | D:4      | Gained mutation: You regenerate magic rapidly. [demonic
                  | ancestry]
  3142 | D:4      | Reached XP level 5. HP: 42/42 MP: 5/5
  3275 | D:4      | Found an opulent altar of Gozag.
  3314 | D:4      | Found a shimmering altar of Xom.
  3362 | D:4      | Reached *** piety under Trog
  3704 | D:4      | Noticed an ogre
  3710 | D:4      | Killed an ogre
  3711 | D:4      | Reached XP level 6. HP: 31/48 MP: 6/6
  3899 | D:4      | Found a sparkling altar of Nemelex Xobeh.
  3989 | D:4      | Noticed Blork the orc
  3998 | D:4      | Killed Blork the orc
  4157 | D:5      | Entered Level 5 of the Dungeon
  4165 | D:5      | Noticed an ice beast
  4186 | D:5      | Killed an ice beast
  4434 | D:5      | Reached XP level 7. HP: 28/55 MP: 7/7
  4715 | D:5      | Found an ancient bone altar of Kikubaaqudgha.
  4769 | D:5      | Engulfed by a cloud of freezing vapour

Illustrated notes

Levels and vault maps discovered:
D:1:      dpeg_arrival_round_a, layout_basic, nicolae_shop_unique_rings
D:2:      minmay_general_purpose_star, layout_loops_corners, serial_shops,
          nicolae_shop_trees, dreamdust_ecumenical_altar_grove, uniq_terence
D:3:      cheibrodos_old_hovel, layout_rooms, hangedman_ru_absence,
          corner_web_ring
D:4:      layout_loops_corners, lemuel_crystal_altar,
          mainiacjoe_overflow_24_doors, nemelex_dance_club_becter, tso_altar,
          uniq_blork_the_orc
D:5:      lemuel_ice_spiral_2, layout_basic, mainiacjoe_overflow_alcove_1,
          ashenzari_conservatory_becter, kennysheep_generic_room_13,
          uniq_duvessa

Skill      XL: |  1  2  3  4  5  6 |
---------------+-------------------+-----
Armour         | 2 3 |  3.9
Dodging        | 2 3 |  3.8
Axes           | 3 4 |  4.4
Fighting       | 4 |  4.8

Action                     |  1- 3 |  4- 6 |  7- 9 || total
---------------------------+-------+-------+-------++-------
  Melee: Hand axe          |   152 |   143 |     8 ||   303
         Headbutt          |       |    30 |     3 ||    33
         Punch             |       |     2 |       ||     2
 Invoke: Berserk           |     1 |     2 |       ||     3
    Use: Scroll            |     4 |     3 |     4 ||    11
         Potion            |     2 |     1 |     1 ||     4
   Stab: Sleeping          |     1 |       |       ||     1
 Armour: Animal skin       |    50 |       |       ||    50
         Ring mail         |     5 |    12 |       ||    17
         Plate armour      |       |    77 |     2 ||    79
  Dodge: Dodged            |   155 |    47 |     3 ||   205
  Block: Other             |       |       |     1 ||     1

Table legend: (Time is in decaauts)
 A = Elapsed time spent in this place.
 B = Non-inter-level travel time spent in this place.
 C = Inter-level travel time spent in this place.
 D = Time resting spent in this place.
 E = Time spent auto-exploring this place.
 F = Levels seen in this place.
 G = Mean time per level.
                   A        B        C        D        E       F      G
               +--------+--------+--------+--------+--------+-----+--------+
         Total |   4821 |   4738 |     83 |    626 |   3213 |   5 |  964.2 |
       Dungeon |   4821 |   4738 |     83 |    626 |   3213 |   5 |  964.2 |
               +--------+--------+--------+--------+--------+-----+--------+

Top non-repeatable levels by time:
     D:2: 1380 daAuts
     D:4: 1308 daAuts
     D:1: 981 daAuts
     D:5: 614 daAuts
     D:3: 537 daAuts
